 Dungeon Crawl Stone Soup version 0.28-a0-628-g3c9886e45e (webtiles) character file.

Game seed: 7906632011064073536

1267 zxkuqyb the Firebug (level 8, -2/41 HPs)
             Began as a Deep Elf Fire Elementalist on Oct 8, 2021.
             Slain by a killer bee (6 damage)
             ... on level 7 of the Dungeon.
             The game lasted 00:27:31 (7199 turns).

zxkuqyb the Firebug (Deep Elf Fire Elementalist)    Turns: 7199, Time: 00:27:32

Health: -2/41      AC:  9    Str:  5    XL:     8   Next: 27%
Magic:  8/18       EV: 14    Int: 23    God:
Gold:   250        SH:  0    Dex: 15    Spells: 8/18 levels left

rFire   . . .      SeeInvis .   k - +2 trident (vorpal)
rCold   + . .      Faith    .   (no shield)
rNeg    . . .      Spirit   .   u - +2 robe {Will+}
rPois   .          Reflect  .   r - +0 helmet
rElec   .          Harm     .   (no cloak)
rCorr   .          Rampage  .   (no gloves)
Will    +....                   (no boots)
Stlth   ++........              (no amulet)
HPRegen 0.13/turn               b - +4 ring of protection
MPRegen 0.16/turn               h - ring of protection from cold

@: lethally poisoned (-2 -> -4), about to teleport
A: no striking features
a: no special abilities


You were on level 7 of the Dungeon.
You visited 1 branch of the dungeon, and saw 7 of its levels.

You collected 250 gold pieces.

Inventory:

Hand Weapons
 k - a +2 vorpal trident (weapon)
 B - a +1 dagger of venom
 G - the +8 quarterstaff "Sarcophage" {vamp, rCorr Int+6}
   (You found it on level 7 of the Dungeon)

   It occasionally heals its wielder for a portion of the damage dealt when it
   wounds a living foe.
   Int:       It affects your intelligence (+6).
   rCorr:     It protects you from acid and corrosion.
Missiles
 c - a throwing net
 i - 3 atropa-tipped darts (quivered)
 F - 6 javelins
Armour
 a - a +0 robe
 r - a +0 helmet (worn)
 u - a +2 robe of willpower (worn)
 E - a +0 buckler
Jewellery
 b - a +4 ring of protection (left hand)
 d - an amulet of guardian spirit
 e - a ring of positive energy
 h - a ring of protection from cold (right hand)
 s - a +6 ring of intelligence
Wands
 C - a wand of paralysis (11)
Scrolls
 g - 4 scrolls of teleportation
 j - a scroll of noise {unknown}
 l - a scroll of fear {unknown}
 o - a scroll of brand weapon {unknown}
 p - a scroll of fog {unknown}
 q - 3 scrolls of identify {unknown}
 x - a scroll of holy word {unknown}
 y - 2 scrolls of enchant armour {unknown}
 A - a scroll of magic mapping {unknown}
Potions
 f - 2 potions of lignification {unknown}
 m - a potion of invisibility {unknown}
 n - a potion of haste
 t - a potion of curing {unknown}
 v - a potion of heal wounds {unknown}
 w - a potion of brilliance {unknown}
 z - 3 potions of attraction {unknown}
 D - a potion of berserk rage {unknown}


   Skills:
 + Level 5.5 Dodging
 - Level 2.4 Stealth
 + Level 5.9 Spellcasting
 * Level 6.3 Conjurations
 * Level 7.2 Fire Magic


You had 8 spell levels left.
You knew the following spells:

 Your Spells              Type           Power      Damage    Failure   Level
a - Foxfire               Conj/Fire      100%       2x1d9     1%          1
b - Scorch                Fire           78%        2d9       1%          2
c - Conjure Flame         Conj/Fire      37%        6-21      1%          3
d - Flame Wave            Conj/Fire      37%        3d8       5%          4

Your spell library contained the following spells:

 Spells                   Type           Power      Damage    Failure   Level
 Shock                    Conj/Air       84%        1d8       2%          1
 Inner Flame              Hex/Fire       23%        N/A       6%          3
 Swiftness                Air            6%         N/A       26%         3
 Airstrike                Air            3%         N/A       65%         4


Dungeon Overview and Level Annotations

Branches:
Dungeon (7/15)
 Temple: D:4-7

Altars:
Fedhas
Hepliaklqana
Kikubaaqudgha
Okawaru
Ru
Uskayaw
The Shining One


Message History

The centaur skeleton misses you.
The centaur skeleton closely misses you.
The centaur skeleton hits you.
The centaur skeleton kicks you but does no damage.
The foxfire hits the centaur skeleton.
The centaur skeleton is almost destroyed.
Casting: Foxfire (safe; 1% risk of failure)
Confirm with . or Enter, or press ? or * to list all spells.
Flames lash the centaur skeleton.
You destroy the centaur skeleton!
You hear an angry buzzing noise.
You start resting.
An electric eel comes into view.
A killer bee comes into view.
A killer bee comes into view.
Casting: Scorch (safe; 1% risk of failure)
Confirm with . or Enter, or press ? or * to list all spells.
Flames lash the killer bee.
The killer bee is heavily wounded.
The killer bee's fire resistance burns away.
A killer bee comes into view.
The electric eel shoots out a bolt of lightning at you!
The bolt of electricity hits the killer bee!
The bolt of electricity hits the plant!
The plant begins to die.
The bolt of electricity hits you. The bolt of electricity hits you!
The killer bee misses you. The killer bee closely misses you.
The killer bee stings you.
* * * LOW HITPOINT WARNING * * *
You are poisoned.
The killer bee poisons you!
As you read the scroll of teleportation, it crumbles to dust.
You feel strangely unstable.
You feel sick. The killer bee stings you.
* * * LOW HITPOINT WARNING * * *
The killer bee barely misses you.
You feel sick.
You feel sick.
A nearby plant withers and dies.
The killer bee is no longer more vulnerable to fire.
The killer bee completely misses you.
You feel sick. The killer bee stings you.
You die...

≈≈≈P≈≈♣♣......(..#.#
# ≈P≈≈≈≈
♣♣..###........
≈≈≈PP≈ ♣...#........#
≈≈P≈♣♣............#
≈≈≈P≈♣...........#
≈≈≈≈≈≈≈...###...####
≈≈≈≈≈≈♣...# .......##
≈≈≈≈≈≈≈..####........
≈≈≈≈≈♣≈y...yy@.....#
≈≈≈≈♣≈♣....##y#....#
≈≈≈≈≈♣♣...y...# ####
≈≈≈≈≈♣♣..#...##
≈≈≈≈≈♣P..#.###
≈≈≈≈≈♣S....#
≈≈≈≈≈≈##...#
≈SPS♣P.#...#
y≈♣≈♣♣.y#>.#


You could see 4 killer bees.

Vanquished Creatures
  2 ice beasts
  A centaur (D:7)
  2 bullfrogs
  2 scorpions
  An electric eel (D:7)
  A centaur zombie (D:6)
  2 howler monkeys
  A bullfrog skeleton (D:5)
  2 centaur skeletons (D:7)
  A hound (D:5)
  2 orc priests
  A jelly (D:5)
  An iguana (D:6)
  Jessica (D:2)
  5 orc wizards
  4 gnolls (D:5)
  7 adders
  A shadow imp (D:5)
  An ufetubus (D:4)
  3 adder zombies (D:2)
  3 worms (D:2)
  A dart slug (D:3)
  12 orcs
  8 bats
  2 bat skeletons (D:2)
  A bat zombie (D:2)
  5 endoplasms
  2 giant cockroaches
  5 goblins
  10 hobgoblins
  2 jackals (D:2)
  2 kobolds
  4 quokkas
  4 ball pythons
  2 ball python skeletons (D:2)
  6 frilled lizards
  A jackal zombie (D:2)
  A quokka skeleton (D:2)
  4 rats
116 creatures vanquished.

Vanquished Creatures (collateral kills)
  3 foxfires (D:7)
3 creatures vanquished.

Vanquished Creatures (others)
  228 foxfires
  3 plants (D:7)
  2 withered plants (D:2)
233 creatures vanquished.

Grand Total: 352 creatures vanquished

Notes
Turn   | Place    | Note
-------+----------+-------------------------------------------
     0 | D:1      | zxkuqyb the Deep Elf Fire Elementalist began the quest for
                  | the Orb.
     0 | D:1      | Reached XP level 1. HP: 10/10 MP: 6/6
   128 | D:1      | Reached XP level 2. HP: 11/15 MP: 2/8
   556 | D:1      | Learned a level 2 spell: Scorch
   965 | D:2      | Found a blossoming altar of Fedhas.
   965 | D:2      | Noticed Jessica
   971 | D:2      | Killed Jessica
   972 | D:2      | Reached skill level 4 in Fire Magic
   972 | D:2      | Reached XP level 3. HP: 19/19 MP: 3/9
  1112 | D:2      | Reached XP level 4. HP: 24/24 MP: 5/11
  1665 | D:2      | Found a faded altar of an unknown god.
  1774 | D:2      | Reached XP level 5. HP: 11/28 MP: 0/12
  2557 | D:3      | Reached skill level 5 in Fire Magic
  2635 | D:3      | Found a sacrificial altar of Ru.
  3198 | D:3      | Learned a level 3 spell: Conjure Flame
  3203 | D:3      | Learned a level 4 spell: Flame Wave
  3536 | D:4      | Found a glowing golden altar of the Shining One.
  3688 | D:4      | Reached XP level 6. HP: 32/32 MP: 6/14
  4055 | D:4      | Found an iron altar of Okawaru.
  4414 | D:4      | Found an ancient bone altar of Kikubaaqudgha.
  4462 | D:5      | Entered Level 5 of the Dungeon
  4621 | D:5      | Noticed an ice beast
  4626 | D:5      | Killed an ice beast
  4627 | D:5      | Reached XP level 7. HP: 36/36 MP: 12/16
  4660 | D:5      | Found a hide-covered altar of Uskayaw.
  4660 | D:5      | Noticed a +0 spear
  4660 | D:5      | Noticed a +0 short sword
  4661 | D:5      | Noticed a +0 spear
  4662 | D:5      | Noticed a +0 falchion
  4662 | D:5      | Noticed a +0 dagger
  4662 | D:5      | Noticed a +0 dagger
  4662 | D:5      | Noticed a +0 short sword
  4663 | D:5      | Noticed a +0 falchion
  4797 | D:5      | Reached skill level 5 in Spellcasting
  4797 | D:5      | Reached skill level 6 in Fire Magic
  4800 | D:5      | Reached skill level 5 in Conjurations
  6185 | D:6      | Found a hazy altar of Hepliaklqana.
  6509 | D:7      | Reached skill level 5 in Dodging
  6743 | D:7      | Reached XP level 8. HP: 40/41 MP: 10/18
  6752 | D:7      | Identified the +8 quarterstaff "Sarcophage" {vamp, rCorr
                  | Int+6}
  6757 | D:7      | Noticed a six-headed hydra
  6785 | D:7      | HP: 1/41 [something/magic dart (8)]
  7137 | D:7      | Reached skill level 7 in Fire Magic
  7199 | D:7      | Slain by a killer bee

Illustrated notes

Levels and vault maps discovered:
D:1:      tarquinn_simple_flora_water_a, layout_rooms
D:2:      layout_basic, serial_undead, serial_undead_a, serial_undead_e,
          serial_undead_a, serial_undead_d,
          hellmonk_ecumenical_altar_heavens_door, basic_altar,
          palyth_stone_intersect, corner_web_ring, grunt_ministairs_10,
          minmay_misc_feat_more_columns, uniq_jessica
D:3:      layout_loops_ring, nicolae_ru_the_path_less_chosen, grunt_ministairs_4
D:4:      minmay_skewed_foursquare, layout_basic,
          mainiacjoe_overflow_tiny_flanked, lemuel_crystal_altar,
          lemuel_doored_altar
D:5:      layout_cave_pools, nicolae_uskayaw_en_pointe, dk_rats_in_the_wall
D:6:      layout_layer_cave, lemuel_round_altar
D:7:      layout_cave_pools, nicolae_ashenzari_skybound,
          minmay_temple_entry_statues_fountains, serial_bayou_lake_a

Skill      XL: |  1  2  3  4  5  6  7  8 |
---------------+-------------------------+-----
Conjurations   | 2 3 4 5 6 |  6.3
Fire Magic     | 4 5 6 7 |  7.2
Dodging        | 3 4 5 |  5.5
Spellcasting   | 4 5 |  5.9
Stealth        | |  2.4

Action                   |  1- 3 |  4- 6 |  7- 9 || total
-------------------------+-------+-------+-------++-------
Melee: Short sword       |    52 |       |       ||    52
       Trident           |       |    48 |    20 ||    68
 Cast: Foxfire           |    30 |    91 |    30 ||   151
       Scorch            |     2 |    26 |    28 ||    56
  Use: Scroll            |       |       |     2 ||     2
 Stab: Sleeping          |     1 |     3 |       ||     4
Armor: Robe              |    42 |    21 |    22 ||    85
Dodge: Dodged            |    70 |    43 |    60 ||   173

Table legend: (Time is in decaauts)
 A = Elapsed time spent in this place.
 B = Non-inter-level travel time spent in this place.
 C = Inter-level travel time spent in this place.
 D = Time resting spent in this place.
 E = Time spent auto-exploring this place.
 F = Levels seen in this place.
 G = Mean time per level.
                   A        B        C        D        E       F      G
               +--------+--------+--------+--------+--------+-----+--------+
         Total |   7223 |   7030 |    193 |   2175 |   3715 |   7 | 1031.9 |
       Dungeon |   7223 |   7030 |    193 |   2175 |   3715 |   7 | 1031.9 |
               +--------+--------+--------+--------+--------+-----+--------+

Top non-repeatable levels by time:
     D:6: 1649 daAuts
     D:2: 1423 daAuts
     D:3: 1300 daAuts
     D:4: 1002 daAuts
     D:1: 752 daAuts
     D:5: 675 daAuts
     D:7: 418 daAuts
